 Dungeon Crawl Stone Soup version 0.22-a0-185-ge330310 (webtiles) character file.

2906 Amnesiac the Thaumaturge (level 9, -13/57 HPs)
             Began as a Mummy Earth Elementalist on Feb 15, 2018.
             Was a Believer of Ashenzari.
             Mangled by an orc warrior
             ... wielding a +0 war axe
              (19 damage)
             ... on level 7 of the Dungeon.
             The game lasted 00:19:54 (9194 turns).

Amnesiac the Thaumaturge (Mummy Earth Elementalist) Turns: 9194, Time: 00:19:56

Health: -13/57     AC:  9    Str: 11    XL:     9   Next: 49%
Magic:  1/21       EV: 13    Int: 18    God:    Ashenzari [**....]
Gold:   369        SH:  0    Dex: 12    Spells: 4/24 levels left

rFire    x . .     SeeInvis .   v - +0 short sword (curse)
rCold    + . .     Gourm    .   (no shield)
rNeg     + + +     Faith    .   i - +0 steam dragon scales
rPois    ∞         Spirit   .   u - +0 helmet (curse)
rElec    .         Reflect  .   (no cloak)
rCorr    .         Harm     .   g - +0 pair of gloves (curse)
MR       +....                  z - +0 pair of boots (curse)
Stlth    +++.......             (no amulet)
HPRegen  0.19/turn              k - +1 ring of protection
MPRegen  0.17/turn              (no ring)

@: about to teleport, very slightly contaminated
A: no food or potions, fire vulnerability, cold resistance 1, negative energy
resistance 3, torment resistance, unbreathing
a: Curse Item, Scrying, Renounce Religion


You were on level 7 of the Dungeon.
You worshipped Ashenzari.
Ashenzari was pleased with you.
You were not hungry.

You visited 2 branches of the dungeon, and saw 8 of its levels.
You also visited: Ossuary.

You collected 369 gold pieces.

Inventory:

Hand Weapons
 o - a +1 rapier of freezing
 t - a +0 scythe of flaming
 v - a cursed +0 short sword (weapon)
Missiles
 f - 33 poisoned needles
 p - 63 stones (quivered)
 q - a throwing net
 w - 6 tomahawks of returning
 y - 3 needles of sleeping
Armour
 g - a cursed +0 pair of gloves (worn)
 i - +0 steam dragon scales (worn)
 u - a cursed +0 helmet (worn)
 z - a cursed +0 pair of boots (worn)
Jewellery
 k - a +1 ring of protection (left hand)
Wands
 h - a wand of flame (61)
Scrolls
 a - 2 scrolls of magic mapping {!r}
 c - 2 scrolls of identify {!r}
 e - 3 scrolls of remove curse {!r}
 j - 2 scrolls of enchant weapon {!r}
 n - 4 scrolls of noise {!r}
 r - 2 scrolls of enchant armour {!r}
Books
 d - a book of Geomancy

   Spells                             Type                      Level
   a - Sandblast                      Earth                        1
   b - Passwall                       Transmutation/Earth          2
   c - Stone Arrow                    Conjuration/Earth            3
   d - Petrify                        Transmutation/Earth          4
   e - Lee's Rapid Deconstruction     Earth                        5
 m - a book of Misfortune

   Spells                             Type                      Level
   a - Confusing Touch                Hexes                        1
   b - Confuse                        Hexes                        3
   c - Gell's Gravitas                Translocation                3
   d - Petrify                        Transmutation/Earth          4
   e - Metabolic Englaciation         Hexes/Ice                    5
   f - Yara's Violent Unravelling     Hexes/Transmutation          5
 x - Sif Muna's Reference Book on Enhancements and Intoxication
   (You found it on level 4 of the Dungeon)

   Spells                             Type                      Level
   a - Swiftness                      Charms/Air                   2
   b - Regeneration                   Charms/Necromancy            3
   c - Spectral Weapon                Hexes/Charms                 3
   d - Excruciating Wounds            Charms/Necromancy            5
   e - Alistair's Intoxication        Transmutation/Poison         5
Miscellaneous
 l - a phantom mirror


   Skills:
 - Level 4.0(6.1) Short Blades
 + Level 2.5(3.7) Dodging
 - Level 4.0(5.3) Stealth
 - Level 8.0 Spellcasting
 - Level 2.0 Transmutations
 - Level 8.0 Earth Magic


You had 4 spell levels left.
You knew the following spells:

 Your Spells              Type           Power        Failure   Level  Hunger
a - Sandblast             Erth           #####.       1%          1    N/A
b - Passwall              Tmut/Erth      ####......   1%          2    N/A
c - Stone Arrow           Conj/Erth      ###...       5%          3    N/A
d - Lee's Rapid Deconstr  Erth           #####.....   10%         5    N/A
e - Petrify               Tmut/Erth      ####....     12%         4    N/A
f - Spectral Weapon       Hex/Chrm       #.......     28%         3    N/A
g - Swiftness             Chrm/Air       #.......     14%         2    N/A

Dungeon Overview and Level Annotations

Branches:
Dungeon (7/15)             Temple (1/1) D:4

Altars:
Ashenzari
Dithmenos
Elyvilon
Fedhas
Gozag
Hepliaklqana
Makhleb
Nemelex Xobeh
Okawaru
Qazlal
Ru
Sif Muna
Uskayaw
Vehumet
Wu Jian
Xom
Yredelemnul
The Shining One


Innate Abilities, Weirdness & Mutations

You do not eat or drink.
Your flesh is vulnerable to fire.
You are immune to poison.
Your flesh is cold resistant. (rC+)
You are immune to negative energy. (rN+++)
You are immune to unholy pain and torment.
You can survive without breathing.


Message History

You are very lightly contaminated with residual magic.
You hear a distant rumble.
The orc warrior hits you with a war axe!
The orc wizard misses you.
The orc priest calls upon Beogh to heal the orc warrior.
The orc warrior is healed somewhat.
Unknown command.
Casting: Lee's Rapid Deconstruction (slightly dangerous; 10% risk of failure)
Confirm with . or Enter, or press ? or * to list all spells.
Aiming: Lee's Rapid Deconstruction (slightly dangerous; 10% risk of failure)
Press: ? - help, Dir - move target cursor The wall shatters!
The blast of rock fragments hits the orc priest.
You kill the orc priest!
The blast of rock fragments hits the orc warrior.
The orc warrior is almost dead.
The orc warrior closely misses you. The orc wizard hits you with a dagger.
Unknown command.
Casting: Lee's Rapid Deconstruction (slightly dangerous; 10% risk of failure)
Confirm with . or Enter, or press ? or * to list all spells.
You don't have enough magic to cast that spell.
Unknown command.
Casting: Lee's Rapid Deconstruction (slightly dangerous; 10% risk of failure)
Confirm with . or Enter, or press ? or * to list all spells.
Aiming: Sandblast (safe; 1% risk of failure)
Press: ? - help, Shift-Dir - straight line The blast of sand hits the orc warrior.
The orc warrior is almost dead.
p - 63 stones The orc warrior misses you.
The orc wizard hits you but does no damage.
An ogre comes into view. It is wielding a giant club.
Unknown command.
Casting: Sandblast (safe; 1% risk of failure)
Confirm with . or Enter, or press ? or * to list all spells.
Okay, then.
Casting: Sandblast (safe; 1% risk of failure)
Confirm with . or Enter, or press ? or * to list all spells.
Aiming: Stone Arrow (safe; 5% risk of failure)
Press: ? - help, Shift-Dir - straight line You miscast Stone Arrow.
The floor vibrates.
The orc priest looks encouraged for a moment.
The orc warrior hits you with a war axe!
* * * LOW HITPOINT WARNING * * *
The orc wizard gestures at you while chanting.
The puff of flame hits you! The fire burns you terribly!
* * * LOW HITPOINT WARNING * * *
Unknown command.
Really read
b - a scroll of teleportation {!r}?
As you read the scroll of teleportation {!r}, it crumbles to dust.
You feel strangely unstable. The orc wizard barely misses you.
Really read
n - 6 scrolls of noise {!r}?
As you read the scroll of noise {!r}, it crumbles to dust.
You hear a loud clanging noise!
The orc warrior hits you with a war axe.
* * * LOW HITPOINT WARNING * * *
The orc wizard hits you with a dagger.
* * * LOW HITPOINT WARNING * * *
The orc priest begins to cast a cantrip, but forgets the words!
Really read
n - 5 scrolls of noise {!r}?
As you read the scroll of noise {!r}, it crumbles to dust.
You hear a loud clanging noise!
The orc warrior hits you with a war axe!!
You die...

#.#.#......# *, *
#.#.#......#### , ,
#.#...._...##.. * *
#.##.......##.#
#.............# *,
####.########O# #.#.# #.#
#o# #.#.#, #.# #o# #.#.# ,
#.# #@# #.#.#, ,, #.#
######o# #.#.#* ,
#.###...##). #.#.# ,.
#.##.....#)#######.#.####..
#........#.................
####.....########..........
##............<.........
######################.


You could see an orc warrior, an ogre, an orc priest and an orc wizard.

Vanquished Creatures
  A hippogriff (D:7)
  Sigmund (D:2)
  2 steam dragons (D:5)
  2 water moccasins
  3 sky beasts
  2 ogres
  A centaur (D:5)
  A big kobold (D:7)
  A bullfrog (D:6)
  2 scorpions
  4 killer bees (D:5)
  2 crimson imps
  A centaur skeleton (D:4)
  A bullfrog skeleton (D:6)
  3 orc priests
  6 hounds
  6 orc wizards
  2 iguanas
  4 human skeletons (D:6)
  3 worker ants
  A killer bee zombie (D:5)
  5 big kobold zombies (Ossuary)
  2 mummies (Ossuary)
  A hound skeleton (D:7)
  A howler monkey zombie (D:6)
  4 gnolls (D:5)
  A howler monkey skeleton (D:5)
  6 adders
  2 shadow imps
  3 oozes
  2 adder zombies
  An adder skeleton (D:4)
  A worm (D:1)
  2 dart slugs (D:3)
  2 leopard geckos
  16 orcs
  4 giant cockroaches
  4 goblins
  6 hobgoblins
  8 kobolds
  A quokka (D:5)
  8 bats
  5 frilled lizards
  6 gnoll zombies (Ossuary)
  7 hobgoblin zombies (Ossuary)
  2 kobold zombies (Ossuary)
  An orc skeleton (D:6)
  5 orc zombies
  6 rats
161 creatures vanquished.

Vanquished Creatures (others)
  An orc wizard (D:5)
  2 adder zombies (Ossuary)
  A gnoll zombie (Ossuary)
  2 orc zombies (Ossuary)
  10 fungi (D:5)
  A plant (D:3)
17 creatures vanquished.

Grand Total: 178 creatures vanquished

Notes
Turn   | Place    | Note
-------+----------+-------------------------------------------
     0 | D:1      | Amnesiac the Mummy Earth Elementalist began the quest for the Orb.
     0 | D:1      | Reached XP level 1. HP: 13/13 MP: 4/4
   273 | D:1      | Reached XP level 2. HP: 8/19 MP: 3/5
   606 | D:2      | Found a basalt altar of Yredelemnul.
   606 | D:2      | Found a deep blue altar of Sif Muna.
   749 | D:3      | You fall through a shaft for 3 floors!
   790 | D:5      | Entered Level 5 of the Dungeon
   914 | D:6      | Noticed a bullfrog
   918 | D:6      | Killed a bullfrog
   918 | D:6      | Reached XP level 3. HP: 11/24 MP: 2/8
   918 | D:6      | Reached XP level 4. HP: 14/30 MP: 2/9
   994 | D:6      | Learned a level 2 spell: Passwall
  1075 | D:6      | Reached XP level 5. HP: 20/35 MP: 5/11
  1211 | D:6      | Found a sand-covered staircase.
  1392 | Ossuary  | Entered an ossuary
  2336 | Ossuary  | Learned a level 3 spell: Stone Arrow
  2341 | Ossuary  | Learned a level 4 spell: Petrify
  2424 | Ossuary  | Reached XP level 6. HP: 29/41 MP: 11/13
  2856 | D:6      | Reached skill level 5 in Spellcasting
  2856 | D:6      | Reached skill level 5 in Earth Magic
  3135 | D:5      | Noticed a water moccasin
  3164 | D:4      | Found a staircase to the Ecumenical Temple.
  3232 | Temple   | Entered the Ecumenical Temple
  3270 | Temple   | Became a worshipper of Ashenzari the Shackled
  3578 | D:3      | Found a sacrificial altar of Ru.
  3587 | D:3      | Learned a level 5 spell: Lee's Rapid Deconstruction
  4327 | D:2      | Found an iron altar of Okawaru.
  4347 | D:2      | Noticed Sigmund
  4571 | D:2      | Killed Sigmund
  4571 | D:2      | Reached skill level 1 in Short Blades
  4571 | D:2      | Reached XP level 7. HP: 45/46 MP: 5/15
  5463 | D:3      | Found a faded altar of an unknown god.
  5933 | D:4      | Reached * piety under Ashenzari
  6224 | D:4      | Found Inijin's Antique Weapon Shop.
  6228 | D:4      | Identified Sif Muna's Reference Book on Enhancements and Intoxication
  6446 | D:5      | Reached skill level 1 in Transmutations
  6449 | D:5      | Reached XP level 8. HP: 45/52 MP: 9/16
  7534 | D:5      | Learned a level 3 spell: Spectral Weapon
  7785 | D:5      | Reached ** piety under Ashenzari
  7950 | D:5      | Reached XP level 9. HP: 35/57 MP: 15/20
  8134 | D:6      | Learned a level 2 spell: Swiftness
  8895 | D:7      | Found a shadowy altar of Dithmenos.
  9117 | D:7      | Found a blossoming altar of Fedhas.
  9194 | D:7      | Mangled by an orc warrior

Vault maps used:
D:1:      evilmike_arrival_run_for_it
D:2:      lemuel_crystal_altar, gammafunk_temple_overflow_elements, uniq_sigmund
D:3:      chequers_ecumenical_altar_lobes, nicolae_ru_awakened_eye
D:4:      minmay_temple_entry_statues_fountains, serial_shops, shop_coins
D:5:      kennysheep_steamy, first_ration, cheibrodos_gnoll_hut
D:6:      nicolae_ossuary_entry_catacombs
D:7:      nicolae_dithmenos_shadow_blocks, basic_altar
Temple:   cyrus_circular_temple
Ossuary:  ossuary_tomb_2

Skill      XL: |  1  2  3  4  5  6  7  8  9 |
---------------+----------------------------+-----
Spellcasting   | 3 4 5 7 8 |  8.0
Earth Magic    | 3 4 5 7 8 |  8.0
Stealth        | 2 4 |  4.0
Short Blades   | 1 2 4 |  4.0
Transmutations | 1 2 |  2.0
Dodging        | 2 |  2.5

Action                   |  1- 3 |  4- 6 |  7- 9 || total
-------------------------+-------+-------+-------++-------
Melee: Unarmed           |    30 |     2 |       ||    32
       Quarterstaff      |       |   164 |       ||   164
       Rapier            |       |    26 |    32 ||    58
       Short sword       |       |       |   122 ||   122
 Cast: Sandblast         |    23 |    27 |    92 ||   142
       Passwall          |       |     3 |    10 ||    13
       Stone Arrow       |       |    26 |     7 ||    33
       Petrify           |       |       |    23 ||    23
       Lee's Rapid Decon |       |       |     3 ||     3
Invok: Curse Item        |       |       |     2 ||     2
Evoke: Wand              |       |     1 |       ||     1
  Use: Scroll            |       |       |    12 ||    12
 Stab: Sleeping          |     1 |     7 |    12 ||    20
       Distracted        |       |     1 |       ||     1
       Petrified         |       |       |    36 ||    36
       Petrifying        |       |       |     6 ||     6
Armor: Robe              |     8 |    36 |    14 ||    58
       Steam dragon scal |       |       |    28 ||    28
Dodge: Dodged            |    23 |   135 |    71 ||   229

Table legend:
 A = Spawn XP
 B = Non-spawn XP
 C = Spawn XP percentage of total XP
 D = Spawn monster count
 E = Non-spawn monster count
 F = Spawn count percentage of total count
 G = Total turns spent on level
                    A         B        C        D         E        F      G
               +---------+---------+-------+---------+---------+-------+---------
         Total |       0 |    4152 |   0.0 |       0 |     163 |   0.0 |  9194
               +---------+---------+-------+---------+---------+-------+---------
           D:1 |       0 |      32 |   0.0 |       0 |      20 |   0.0 |  1120
           D:2 |       0 |     239 |   0.0 |       0 |       9 |   0.0 |   804
           D:3 |       0 |     165 |   0.0 |       0 |      27 |   0.0 |  1132
           D:4 |       0 |     245 |   0.0 |       0 |       8 |   0.0 |   931
           D:5 |       0 |    1741 |   0.0 |       0 |      33 |   0.0 |  1617
           D:6 |       0 |     742 |   0.0 |       0 |      19 |   0.0 |  1874
           D:7 |       0 |     805 |   0.0 |       0 |      19 |   0.0 |   301
       Ossuary |       0 |     183 |   0.0 |       0 |      28 |   0.0 |  1363
               +---------+---------+-------+---------+---------+-------+---------
